 Dungeon Crawl Stone Soup version 0.25-a0-280-gfa4545f159 (webtiles) character file.

Game seed: 13530302371703030959, levelgen mode: deterministic

6129 MisterFreud the Carver (level 11, -3/121 HPs)
             Began as a Human Wanderer on Dec 10, 2019.
             Slain by a red ugly thing (22 damage)
             ... on level 9 of the Dungeon.
             The game lasted 00:21:23 (10421 turns).

MisterFreud the Carver (Human Wanderer)            Turns: 10421, Time: 00:21:23

Health: -3/121     AC: 32    Str: 12    XL:     11   Next: 12%
Magic:  11/11      EV:  2    Int: 16    God:
Gold:   306        SH:  5    Dex: 13    Spells: 10/10 levels left

rFire    . . .     SeeInvis .   B - +1 long sword (protect)
rCold    . . .     Gourm    .   (no shield)
rNeg     + + +     Faith    .   (armour currently unavailable)
rPois    +         Spirit   .   (helmet currently unavailable)
rElec    .         Reflect  +   (cloak currently unavailable)
rCorr    .         Harm     .   (gloves currently unavailable)
MR       +....     NoTele   +   (boots currently unavailable)
Stlth    ++........             U - +5 amulet of reflection
HPRegen  0.30/turn              q - ring of protection from magic
MPRegen  0.12/turn              t - ring of poison resistance

@: tree-form, protection aura
A: no striking features
a: no special abilities


You were on level 9 of the Dungeon.
You were near starving.
You were a tree.
You visited 1 branch of the dungeon, and saw 9 of its levels.

You collected 508 gold pieces.
You spent 202 gold pieces at shops.

Inventory:

Hand Weapons
 a - a +3 short sword
 d - a +0 dagger
 B - a +1 long sword of protection (weapon)
Missiles
 h - 75 sling bullets
 m - 73 bolts
 p - 152 arrows
 s - 194 stones
 w - 12 javelins (quivered)
 C - 8 boomerangs
 E - a throwing net
 R - 15 poisoned darts
Armour
 c - a +0 robe (melded)
 k - a +0 pair of boots (melded)
 A - a scarf of cloud immunity
 F - a +0 pair of gloves
 H - a +0 helmet (melded)
 S - the +0 pair of gloves "Ciotur" (melded) {*Drain +Inv rElec}
   (You found it on level 7 of the Dungeon)

   It insulates you from electricity.
   It lets you turn invisible.
   It causes draining when unequipped.
 V - a +1 cloak (melded)
Jewellery
 i - a +2 ring of intelligence
 q - a ring of protection from magic (left branch)
 t - a ring of poison resistance (right branch)
 u - an uncursed ring of protection from cold
 U - a +5 amulet of reflection (around neck)
Wands
 r - a wand of polymorph (5)
 y - a wand of random effects (21)
 M - a wand of iceblast (6)
 N - a wand of enslavement (7)
 P - a wand of digging (6)
Scrolls
 g - a scroll of noise
 n - a scroll of fog
 o - 4 scrolls of fear
 D - 2 scrolls of blinking
 G - 4 scrolls of amnesia
 J - 3 scrolls of remove curse
 K - a scroll of enchant armour
 O - a scroll of brand weapon
 T - 2 scrolls of immolation
 W - a scroll of summoning
Potions
 b - a potion of lignification
 e - a potion of invisibility
 j - 4 potions of curing
 l - 2 potions of brilliance
 v - a potion of resistance
 x - a potion of flight
 z - a potion of mutation
 I - a potion of cancellation
 L - 2 potions of degeneration
 Q - a potion of might
Comestibles
 f - 17 rations


   Skills:
 - Level 6.1 Fighting
 - Level 4.2(9.8) Short Blades
 + Level 13.3(13.5) Long Blades
 - Level 1.0 Throwing
 - Level 4.0 Dodging
 - Level 2.0 Stealth
   Level 3.0 Ice Magic


You had 10 spell levels left.
You didn't know any spells.
Your spell library contained the following spells:

 Spells                   Type           Power        Failure   Level  Hunger
 Apportation              Tloc           #.....       26%         1    ##.....
 Summon Butterflies       Summ           #.......     26%         1    ##.....
 Lesser Beckoning         Tloc           #.........   58%         3    ####...
 Tukima's Dance           Hex            #.......     58%         3    ####...
 Alistair's Intoxication  Tmut/Pois      #.......     100%        5    ######.
 Invisibility             Hex            #.......     100%        6    #######


Dungeon Overview and Level Annotations

Branches:
Dungeon (9/15)             Temple (0/1) D:5            Lair (0/6) D:9
    Orc: D:9-12

Altars:
Ashenzari
Elyvilon
Nemelex Xobeh
Okawaru
Sif Muna
Trog
Uskayaw
Zin
The Shining One

Shops:
D:7 [   D:8 *

Annotations:
D:7 2 runed translucent doors, Leeroy's ghost, amateur DrCj


Message History

You barely miss the yak.
The yak is moderately wounded.
The yak barely misses you.
You riposte.
You barely miss the yak.
The yak is moderately wounded.
You block the red ugly thing's attack.
You hit the yak but do no damage.
The yak is moderately wounded.
The yak gores you!
* * * LOW HITPOINT WARNING * * *
The yak barely misses you.
You hit the yak.
The yak is heavily wounded.
The red ugly thing trunk-slaps you but does no damage.
The yak gores you but does no damage. x2
You slash the yak!
The yak is severely wounded.
The red ugly thing trunk-slaps you.
* * * LOW HITPOINT WARNING * * *
You are engulfed in flames!!
You die...

### #####
##.######...#
#....#......####
#....#.....##♣Y#
#####..###....##Yu#
..#....###....##..#
...............#..#
..............##..#
.....†........##..#
..####.####...##..#
######.####...##..#
.
.....÷........##..#
...


You could see a red ugly thing and 2 yaks.

Vanquished Creatures
  A hydra (D:8)
  2 dream sheep (D:8)
  2 hippogriffs
  2 basilisks (D:9)
  4 yaks
  2 hungry ghosts
  2 porcupines (D:9)
  An ice beast (D:4)
  2 sky beasts
  5 ogres
  4 centaurs
  4 big kobolds (D:8)
  2 bullfrogs
  A gnoll sergeant (D:8)
  5 scorpions
  5 killer bees (D:7)
  A howler monkey (D:5)
  4 crimson imps
  A bullfrog zombie (D:5)
  A centaur zombie (D:5)
  2 jellies
  5 orc wizards
  3 centaur skeletons
  3 orc priests
  6 hounds
  2 bullfrog skeletons
  4 iguanas
  7 worker ants
  A hound skeleton (D:5)
  9 gnolls
  6 adders
  A howler monkey skeleton (D:4)
  4 oozes
  2 adder zombies
  2 adder skeletons
  3 worms
  3 dart slugs
  5 leopard geckos
  33 orcs
  3 ball pythons
  5 giant cockroaches
  11 goblins
  5 hobgoblins
  11 jackals
  10 kobolds
  4 quokkas
  7 bats
  4 frilled lizards
  A jackal skeleton (D:6)
  A leopard gecko skeleton (D:5)
  6 rats
220 creatures vanquished.

Vanquished Creatures (others)
  A bush (D:9)
  A fungus (D:9)
  9 plants (D:9)
11 creatures vanquished.

Grand Total: 231 creatures vanquished

Notes
Turn   | Place    | Note
-------+----------+-------------------------------------------
     0 | D:1      | MisterFreud the Human Wanderer began the quest for the Orb.
     0 | D:1      | MisterFreud set off with the following items: a +2 short
                  | sword, 2 potions of lignification, a +0 robe, a +0 dagger,
                  | a ration
     0 | D:1      | Reached XP level 1. HP: 16/16 MP: 1/1
    89 | D:1      | Reached XP level 2. HP: 19/23 MP: 2/2
   452 | D:1      | Reached XP level 3. HP: 19/29 MP: 3/3
  1108 | D:2      | Reached XP level 4. HP: 37/37 MP: 4/4
  1262 | D:2      | Found a sparkling altar of Nemelex Xobeh.
  2132 | D:3      | Found a hide-covered altar of Uskayaw.
  2133 | D:3      | Found a shimmering blue altar of Sif Muna.
  2268 | D:2      | Reached XP level 5. HP: 23/43 MP: 5/5
  2491 | D:3      | You fall into a shaft and drop 3 floors!
  2492 | D:6      | Noticed an ogre
  2503 | D:6      | Noticed a centaur
  2518 | D:5      | Entered Level 5 of the Dungeon
  2535 | D:5      | Reached skill level 5 in Fighting
  2565 | D:5      | Reached XP level 6. HP: 16/52 MP: 6/6
  2845 | D:5      | Noticed an ogre
  2863 | D:5      | Killed an ogre
  3198 | D:5      | Reached XP level 7. HP: 54/58 MP: 7/7
  4238 | D:5      | Reached XP level 8. HP: 55/64 MP: 8/8
  4289 | D:5      | Found a glowing silver altar of Zin.
  4315 | D:5      | Reached skill level 1 in Long Blades
  4470 | D:5      | Found a staircase to the Ecumenical Temple.
  4483 | D:5      | Reached skill level 2 in Long Blades
  4502 | D:5      | Reached skill level 3 in Long Blades
  4708 | D:4      | Reached skill level 4 in Long Blades
  4944 | D:4      | Reached skill level 5 in Long Blades
  5057 | D:3      | Found a shattered altar of Ashenzari.
  5507 | D:4      | Found a bloodstained altar of Trog.
  5788 | D:4      | Reached skill level 6 in Long Blades
  6120 | D:6      | Reached XP level 9. HP: 68/69 MP: 9/9
  6225 | D:6      | Reached skill level 7 in Long Blades
  6318 | D:6      | Noticed a hippogriff
  6328 | D:6      | Killed a hippogriff
  6337 | D:6      | Found a white marble altar of Elyvilon.
  6408 | D:6      | Reached skill level 8 in Long Blades
  6670 | D:6      | Noticed Grinder
  6671 | D:6      | Noticed Grinder
  6671 | D:6      | Grinder changed into Grinder the crimson imp
  6685 | D:6      | Killed Grinder the crimson imp
  6848 | D:7      | Got a pair of warped gloves
  6859 | D:7      | Identified the +0 pair of gloves "Ciotur" {*Drain +Inv
                  | rElec} (You found it on level 7 of the Dungeon)
  7016 | D:7      | Reached skill level 9 in Long Blades
  7407 | D:7      | Found a glowing golden altar of the Shining One.
  7451 | D:7      | Found a large runed translucent door.
  7451 | D:7      | Found a large runed translucent door.
  7453 | D:7      | Noticed Leeroy's ghost (amateur DrCj)
  7698 | D:7      | Found Plog's Antique Armour Emporium.
  7704 | D:7      | Bought a runed cloak for 202 gold pieces
  8022 | D:8      | Reached skill level 10 in Long Blades
  8022 | D:8      | Reached XP level 10. HP: 46/76 MP: 10/10
  8136 | D:8      | Found Ehomifika's General Store.
  8635 | D:8      | Reached skill level 11 in Long Blades
  8970 | D:8      | Noticed a three-headed hydra
  9019 | D:8      | Killed a three-headed hydra
  9019 | D:8      | Reached skill level 12 in Long Blades
  9677 | D:9      | Found an iron altar of Okawaru.
 10263 | D:9      | Reached XP level 11. HP: 68/81 MP: 11/11
 10321 | D:9      | Reached skill level 13 in Long Blades
 10359 | D:9      | Found a staircase to the Lair.
 10401 | D:9      | Noticed a red ugly thing
 10421 | D:9      | Slain by a red ugly thing

Levels and vault maps discovered:
D:1:      minmay_arrival_nine_rooms, layout_rooms
D:2:      layout_basic, lemuel_crystal_altar, first_ration
D:3:      layout_loops_cross, lemuel_round_altar,
          chequers_temple_overflow_statue_of_worship, minivault_14,
          kennysheep_generic_room_6
D:4:      layout_basic, kennysheep_mini_moat
D:5:      layout_basic, zin_statuary, temple_doors_cd, minmay_circle_x
D:6:      layout_rooms, elyvilon_altar_3, dk_noncrumbling_4, uniq_grinder
D:7:      layout_loops_ring, lemuel_round_altar, ebering_ghost_disaster_area,
          serial_shops, nicolae_shop_trees
D:8:      layout_basic, serial_shops, shop, hangedman_ranch
          [blue_anna_fruit_fields]
D:9:      layout_gridville, minmay_lair_entry_grove, basic_altar

Skill      XL: |  1  2  3  4  5  6  7  8  9 10 11 |
---------------+----------------------------------+-----
Fighting       | 3 4 6 |  6.1
Dodging        | 3 4 |  4.0
Short Blades   | 4 |  4.2
Long Blades    | 6 10 12 13 | 13.3
Throwing       | |  1.0
Stealth        | |  2.0
Ice Magic      | |  3.0

Action                   |  1- 3 |  4- 6 |  7- 9 | 10-12 || total
-------------------------+-------+-------+-------+-------++-------
Melee: Short sword       |    86 |   146 |   129 |       ||   361
       Long sword        |       |       |   460 |   287 ||   747
       Dagger            |       |       |       |    31 ||    31
Throw: Javelin           |       |       |     3 |       ||     3
Evoke: Wand              |       |     1 |     1 |     5 ||     7
  Use: Scroll            |     6 |     7 |     9 |     3 ||    25
       Potion            |       |     3 |       |     4 ||     7
 Stab: Sleeping          |     2 |     6 |     5 |     3 ||    16
       Distracted        |       |       |       |     1 ||     1
  Eat: Chunk             |     1 |     5 |    17 |    10 ||    33
       Ration            |       |       |       |     2 ||     2
Armor: Robe              |    23 |    18 |   200 |    83 ||   324
       Skin              |       |   113 |       |    63 ||   176
Dodge: Dodged            |    57 |    67 |   382 |   162 ||   668
Block: Other             |       |       |       |    20 ||    20
       Rpst.: Long sword |       |       |    99 |    37 ||   136

Table legend:
 A = Non-vault XP
 B = Vault XP
 C = Vault XP percentage of total XP
 D = Non-vault monster count
 E = Vault monster count
 F = Vault count percentage of total count
                 A         B        C        D         E       F
            +---------+---------+-------+---------+---------+-------
      Total |    5047 |    3710 |  42.4 |     200 |      20 |   9.1
            +---------+---------+-------+---------+---------+-------
        D:1 |      56 |       0 |   0.0 |      26 |       0 |   0.0
        D:2 |      71 |       0 |   0.0 |      19 |       0 |   0.0
        D:3 |      34 |       1 |   2.9 |      12 |       1 |   7.7
        D:4 |     711 |       0 |   0.0 |      32 |       0 |   0.0
        D:5 |     955 |     144 |  13.1 |      39 |       3 |   7.1
        D:6 |     782 |      50 |   6.0 |      19 |       1 |   5.0
        D:7 |     947 |       0 |   0.0 |      19 |       0 |   0.0
        D:8 |    1040 |    2209 |  68.0 |      26 |       8 |  23.5
        D:9 |     451 |    1306 |  74.3 |       8 |       7 |  46.7
            +---------+---------+-------+---------+---------+-------
